 Dungeon Crawl Stone Soup version 0.24-a0-586-g8e0e932a4c (webtiles) character file.

Game seed: 9428545947872034415, levelgen mode: deterministic

128 Mithandil the Conjurer (level 5, 0/30 HPs)
             Began as a Tengu Conjurer on Sept 8, 2019.
             Slain by an ogre
             ... wielding a +0 giant club
              (14 damage)
             ... on level 5 of the Dungeon.
             The game lasted 00:11:21 (2249 turns).

Mithandil the Conjurer (Tengu Conjurer)             Turns: 2249, Time: 00:11:21

Health: 0/30       AC:  6    Str:  9    XL:     5   Next: 12%
Magic:  10/10      EV: 11    Int: 15    God:
Gold:   78         SH:  0    Dex: 15    Spells: 6/9 levels left

rFire    . . .     SeeInvis .   d - +0 short sword
rCold    . . .     Gourm    +   (no shield)
rNeg     . . .     Faith    .   g - +1 ring mail
rPois    .         Spirit   .   (helmet restricted)
rElec    .         Reflect  .   (no cloak)
rCorr    .         Harm     .   (no gloves)
MR       .....     Rnd*Rage +   (boots unavailable)
Stlth    ++........             j - amulet of the gourmand
HPRegen  0.10/turn              (no ring)
MPRegen  0.12/turn              (no ring)

@: no status effects
A: beak, claws 1, horns 1, talons 3, berserk 1, able to fly
a: Fly


You were on level 5 of the Dungeon.
You were very full.

You visited 1 branch of the dungeon, and saw 5 of its levels.

You collected 78 gold pieces.

Inventory:

Hand Weapons
 d - a +0 short sword (weapon)
 k - a +0 long sword
Missiles
 f - 81 stones
 l - 17 poisoned darts (quivered)
 r - 14 sling bullets
Armour
 g - a +1 ring mail (worn)
 m - a +0 pair of gloves
Jewellery
 j - an amulet of the gourmand (around neck)
 o - a cursed -3 ring of intelligence {unknown}
Scrolls
 b - a scroll of remove curse
 h - 2 scrolls of identify
Potions
 a - 2 potions of curing
 e - a potion of heal wounds
 i - a potion of haste {unknown}
 n - 2 potions of mutation
 q - a potion of magic {unknown}
Comestibles
 c - 5 rations


   Skills:
 * Level 2.1 Fighting
 + Level 2.7 Dodging
 + Level 2.6 Stealth
 * Level 2.9 Spellcasting
 * Level 6.2 Conjurations


You had 6 spell levels left.
You knew the following spells:

 Your Spells              Type           Power        Failure   Level  Hunger
a - Magic Dart            Conj           ###.         4%          1    #......
b - Searing Ray           Conj           ###...       7%          2    ##.....

Your spell library contained the following spells:

 Spells                   Type           Power        Failure   Level  Hunger
 Iskenderun's Mystic Bla  Conj           ###.....     41%         4    #####..
 Dazzling Spray           Conj/Hex       ##....       43%         3    ###....
 Force Lance              Conj/Tloc      ##......     83%         4    #####..
 Fulminant Prism          Conj/Hex       ##........   83%         4    #####..


Dungeon Overview and Level Annotations

Branches:
Dungeon (5/15)
 Temple: D:4-7

Altars:


Innate Abilities, Weirdness & Mutations

You have a beak for a mouth.
You have claws for feet.
You can fly continuously.
You have sharp fingernails.
You have a pair of small horns on your head.
You tend to lose your temper in combat.


Message History

* * * LOW HITPOINT WARNING * * *
The crimson imp blinks!
Found 4 large rocks.
The crimson imp hits you.
* * * LOW HITPOINT WARNING * * *
You see here 4 large rocks.
You hear the slow rusting of a distant drain.
The crimson imp blinks!
Found 15 arrows.
Found a bubbling black potion.
You see here a bubbling black potion.
i - a bubbling black potion The ogre barely misses you.
Found 11 gold pieces.
Found a stone staircase leading down.
You hear the slow rusting of a distant drain.
An orc comes into view.
An orc comes into view. It is wielding a +0 flail.
The ogre hits you with a +0 giant club!
You die...

... #.................
...####........######..#
.o...........# #.>.
#.#.........# ####
#...........#
##.............
#..........###
#..O#.#.#### ###@....#
#.....# ......#
.......... ........###
.........# !..........
...........##


You could see an ogre and an orc (wandering).

Vanquished Creatures
  An orc wizard (D:4)
  4 adders
  A worm (D:2)
  An adder skeleton (D:4)
  2 dart slugs
  2 leopard geckos (D:1)
  2 orcs (D:4)
  6 bats
  2 giant cockroaches (D:1)
  3 goblins (D:1)
  5 hobgoblins
  7 jackals
  2 quokkas (D:2)
  A ball python (D:2)
  4 frilled lizards
  4 kobolds
  2 rats (D:1)
49 creatures vanquished.

Notes
Turn   | Place    | Note
-------+----------+-------------------------------------------
     0 | D:1      | Mithandil the Tengu Conjurer began the quest for the Orb.
     0 | D:1      | Reached XP level 1. HP: 10/10 MP: 4/4
   120 | D:1      | Reached XP level 2. HP: 16/16 MP: 1/6
   182 | D:1      | Learned a level 2 spell: Searing Ray
   284 | D:1      | Reached skill level 1 in Fighting
   414 | D:1      | Reached XP level 3. HP: 18/20 MP: 2/7
  1125 | D:2      | Reached XP level 4. HP: 25/25 MP: 4/8
  1495 | D:2      | Reached skill level 6 in Conjurations
  1683 | D:2      | Gained mutation: You have sharp fingernails. [potion of
                  | mutation]
  1683 | D:2      | Gained mutation: You tend to lose your temper in combat.
                  | [potion of mutation]
  1683 | D:2      | Gained mutation: You have a pair of small horns on your
                  | head. [potion of mutation]
  1937 | D:4      | Gained mutation: You can fly continuously. [Tengu growth]
  1937 | D:4      | Reached XP level 5. HP: 30/30 MP: 2/10
  2034 | D:5      | Entered Level 5 of the Dungeon
  2105 | D:5      | Noticed an ogre
  2249 | D:5      | Slain by an ogre

Levels and vault maps discovered:
D:1:      psy_arrival_conway, layout_loops_ring, st_stairs_8
D:2:      layout_basic, first_ration, hangedman_decor_peaks_small
D:3:      layout_loops_corners, nemelex_xobeh_ov_fountains_minmay
D:4:      layout_cave_pods, kennysheep_little_box, serial_shops, shop,
          hangedman_decor_riveting, kennysheep_nondescript
D:5:      layout_basic, minmay_temple_entry_arrows, portal_sewer_entry_b,
          minivault_24

Skill      XL: |  1  2  3  4 |
---------------+-------------+-----
Fighting       | 1 2 |  2.1
Conjurations   | 6 |  6.2
Dodging        | |  2.7
Stealth        | |  2.6
Spellcasting   | |  2.9

Action                   |  1- 3 |  4- 6 || total
-------------------------+-------+-------++-------
Melee: Unarmed           |     5 |       ||     5
       Peck              |     4 |     1 ||     5
       Short sword       |    15 |    12 ||    27
       Kick              |     5 |     4 ||     9
 Cast: Magic Dart        |    53 |    39 ||    92
       Searing Ray       |     1 |     2 ||     3
  Use: Potion            |     1 |     3 ||     4
       Scroll            |     1 |     6 ||     7
  Eat: Chunk             |     5 |    12 ||    17
Armor: Robe              |     4 |       ||     4
       Ring mail         |     5 |    10 ||    15
Dodge: Dodged            |    23 |    18 ||    41

Table legend:
 A = Non-vault XP
 B = Vault XP
 C = Vault XP percentage of total XP
 D = Non-vault monster count
 E = Vault monster count
 F = Vault count percentage of total count
                 A         B        C        D         E       F
            +---------+---------+-------+---------+---------+-------
      Total |     183 |       1 |   0.5 |      48 |       1 |   2.0
            +---------+---------+-------+---------+---------+-------
        D:1 |      41 |       1 |   2.4 |      20 |       1 |   4.8
        D:2 |      75 |       0 |   0.0 |      22 |       0 |   0.0
        D:3 |      16 |       0 |   0.0 |       2 |       0 |   0.0
        D:4 |      51 |       0 |   0.0 |       4 |       0 |   0.0
            +---------+---------+-------+---------+---------+-------
